 Dungeon Crawl Stone Soup version 0.29.1-2-gbd0b4ee654 (webtiles) character file.

Game seed: 6139073172550731874

39 croobank the Caller (level 3, -3/14 HPs)
             Began as a Felid Summoner on Oct 23, 2022.
             Slain by a hound (4 damage)
             ... on level 4 of the Dungeon.
             The game lasted 00:08:30 (1125 turns).

croobank the Caller (Felid Summoner)                Turns: 1125, Time: 00:08:31

Health: -3/14      AC:  1    Str:  4    XL:     3   Next: 26%
Magic:  4/7        EV: 18    Int: 18    God:
Gold:   51         SH:  0    Dex: 16    Spells: 3/6 levels left
                                        Lives:  0   Deaths: 0

rFire   . . .      SeeInvis +   (weapon unavailable)
rCold   . . .      Faith    .   (shield unavailable)
rNeg    . . .      Spirit   .   (body armour unavailable)
rPois   .          Reflect  .   (helmet unavailable)
rElec   .          Harm     .   (cloak unavailable)
rCorr   .          Rampage  .   (gloves unavailable)
Will    .....                   (boots unavailable)
Stlth   ++........              (no amulet)
HPRegen 0.04/turn               (no ring)
MPRegen 0.10/turn               (no ring)

@: quick
A: very small, claws 1, fangs 3, see invisible, speed 1, shaggy fur 1, stealthy
paws, no weapons or thrown items, no armour, multi-lived
a: no special abilities


You were on level 4 of the Dungeon.
You visited 1 branch of the dungeon, and saw 3 of its levels.

You collected 51 gold pieces.

Inventory:

Scrolls
 e - a scroll of identify {unknown}
 f - a scroll of vulnerability {unknown}
 g - a scroll of magic mapping {unknown}
 i - a scroll of immolation {unknown}
 k - 2 scrolls of fear {unknown}
Potions
 a - a potion of magic
 b - 2 potions of mutation {unknown}
 c - a potion of berserk rage {unknown}
 d - a potion of curing {unknown}
 h - a potion of brilliance {unknown}
 j - a potion of attraction {unknown}
 l - a potion of ambrosia {unknown}


   Skills:
 + Level 3.4 Dodging
 + Level 3.4 Stealth
 + Level 2.4 Spellcasting
 + Level 4.3 Summonings


You had 3 spell levels left.
You knew the following spells:

 Your Spells              Type           Power      Damage    Failure   Level
a - Summon Small Mammal   Summ           68%        N/A       3%          1
b - Call Imp              Summ           17%        N/A       4%          2

Your spell library contained the following spells:

 Spells                   Type           Power      Damage    Failure   Level
 Call Canine Familiar     Summ           17%        N/A       9%          3
 Summon Guardian Golem    Hex/Summ       9%         N/A       22%         3
 Summon Lightning Spire   Summ/Air       9%         N/A       56%         4


Dungeon Overview and Level Annotations

Branches:
Dungeon (2/15)

Altars:


Innate Abilities, Weirdness & Mutations

You have sharp claws.
You have razor-sharp teeth.
You have supernaturally acute eyesight. (SInv)
You cover ground quickly. (Speed+)
You are covered in fur. (AC +1)
Your paws help you pounce on unaware monsters.
You are incapable of wielding weapons or throwing items.
You cannot wear armour.
You gain extra lives every three experience levels.


Message History

Confirm with . or Enter, or press ? or * to list all spells.
The iguana bites your quokka.
Casting: Summon Small Mammal (safe; 3% risk of failure)
Confirm with . or Enter, or press ? or * to list all spells.
The iguana barely misses your quokka.
Your quokka bites the iguana but does no damage.
Casting: Summon Small Mammal (safe; 3% risk of failure)
Confirm with . or Enter, or press ? or * to list all spells.
A beastly little devil appears in a puff of flame.
Your crimson imp says, "I bow to your service, O grandiloquent and god-like voivode!"
Your quokka bites the iguana.
The iguana bites your quokka.
Your quokka dies!
Your quokka's corpse disappears in a puff of smoke!
You swap places.
Your crimson imp barely misses the iguana.
The iguana barely misses your crimson imp.
The hound barks!
Your crimson imp hits the iguana but does no damage.
The iguana bites your crimson imp!
Your crimson imp hits the iguana but does no damage.
The iguana bites your crimson imp!
Your crimson imp dies!
Your crimson imp disappears in a puff of smoke!
The hound misses your quokka.
You scratch the iguana. You bite the iguana.
The iguana is severely wounded.
The iguana completely misses you. The hound barely misses you.
You completely miss the iguana.
The iguana is severely wounded.
The hound misses you. The iguana closely misses you.
The hound completely misses you.
You scratch the iguana but do no damage.
The iguana is severely wounded.
The iguana closely misses you. The hound bites you.
You scratch the iguana but do no damage.
The iguana is severely wounded.
The hound bites you.
* * * LOW HITPOINT WARNING * * *
The iguana closely misses you. The hound bites you.
You die...

##### ...#
##.##########
#†.......l@r#
#..########h#
#######..........J#
......l....|.......
.######...######..#.
...# #...# #..#.#
.#.# ..[.# #..# .
##.# #.##... ...# ##
....#8. ..##


You could see an iguana (ally target), a hound, a jelly and a friendly quokka
(summoned).

Vanquished Creatures
  A dart slug (D:4)
  A goblin (D:1)
  A ball python (D:4)
  2 bats (D:1)
5 creatures vanquished.

Vanquished Creatures (collateral kills)
  3 ball pythons (D:1)
  4 endoplasms (D:1)
  2 giant cockroaches (D:1)
  5 goblins (D:1)
  3 hobgoblins (D:1)
  2 jackals (D:1)
  2 kobolds (D:1)
  A quokka (D:1)
  A bat (D:1)
  2 frilled lizards (D:1)
  A rat (D:1)
26 creatures vanquished.

Grand Total: 31 creatures vanquished

Notes
Turn   | Place    | Note
-------+----------+-------------------------------------------
     0 | D:1      | croobank the Felid Summoner began the quest for the Orb.
     0 | D:1      | Reached XP level 1. HP: 7/7 MP: 4/4
   133 | D:1      | Reached XP level 2. HP: 11/11 MP: 3/6
   136 | D:1      | Learned a level 2 spell: Call Imp
   703 | D:1      | Reached XP level 3. HP: 14/14 MP: 3/7
  1020 | D:2      | You fall into a shaft and drop 2 floors!
  1125 | D:4      | Slain by a hound

Illustrated notes

Levels and vault maps discovered:
D:1:      spicycebolla_green_bress_n_ham, layout_basic
D:2:      layout_basic
D:4:      layout_loops_ring, small_statue_intersection, uniq_grinder,
          uniq_crazy_yiuf_cottage

Skill      XL: |  1 |
---------------+----+-----
Dodging        | 3 |  3.4
Stealth        | 3 |  3.4
Spellcasting   | |  2.4
Summonings     | |  4.3

Action                   || total
-------------------------++-------
Melee: Unarmed           ||    22
       Bite              ||     4
 Cast: Summon Small Mamm ||    37
       Call Imp          ||     9
  Use: Potion            ||     1
 Stab: Sleeping          ||     1
Armor: Skin              ||     1
Dodge: Dodged            ||    32
